cohdb
Replays
Latest Replays
All Replays
Popular Replays
Top Player Replays
Match Explorer
How It Works
Community
CoH3 Stats
Reddit
Sign in to upload your games and track your stats! →
Sign in with Steam
Match 45846997
Unlisted
Match 45846997
Overview
Messages
Build Orders
End
Kradschützen Motorcycle Team
Panzergrenadier Squad
Selects Armored Support Battlegroup
Panzergrenadier Squad
Construct Light Support Kompanie
Fire Support Elements
Selects Superior Fire Drills
250 Light Carrier
Vehicle Survival Package
Selects Salvage Kits
Veteran Squad Leaders
Panzergrenadier Squad
Construct Panzerarmee Kommand
Selects Flammpanzer III Medium Tank
Flammpanzer III Medium Tank
Emergency Repair Kits
Rapid Advance
2.5-tonne Medical Truck
Panzer III L Medium Tank
Armored Reserves
Tungsten Core Ammunition
Advanced Field Repairs
Tiger Heavy Tank
Selects Panzer Storm
Selects Stuka Dive Bomb
Walking Stuka Rocket Launcher
Construct Mechanized Kompanie
Stuka Dive Bomb
254 Reconnaissance Tractor
Advanced Optics
Stuka Dive Bomb
Flak 36 Anti-tank Gun Team
Tiger Heavy Tank
Stuka Dive Bomb
Tiger Mafia
pensss
『BlackBear』
Balzeal
0
0
Comments
sign in to comment!
No comments posted yet!